 Dungeon Crawl Stone Soup version 0.21-a0-286-g6fcecc0 (webtiles) character file.

1987 Ijustatesigmund the Cudgeler (level 9, -2/63 HPs)
             Began as an Octopode Fighter on Sept 28, 2017.
             Slain by an orc
             ... wielding a +0 hand axe
              (8 damage)
             ... on level 6 of the Dungeon.
             The game lasted 00:14:33 (6428 turns).

Ijustatesigmund the Cudgeler (Octopode Fighter)     Turns: 6428, Time: 00:14:34

Health: -2/63      AC:  1    Str: 15    XL:     9   Next: 21%
Magic:  9/9        EV: 17    Int: 11    God:
Gold:   406        SH: 10    Dex: 16    Spells: 8/8 levels left

rFire    . . .     SeeInvis .   a - +3 flail
rCold    . . .     Gourm    .   b - +0 shield
rNeg     . . .     Faith    .   (helmet restricted)
rPois    .         Spirit   .   p - amulet of inaccuracy (curse)
rElec    .         Reflect  .   m - +2 ring of dexterity
rCorr    .         Harm     .   v - +3 ring of evasion
MR       .....                  (no ring)
Stlth    ++++......             (no ring)
HPRegen  0.20/turn              (no ring)
MPRegen  0.11/turn              (no ring)
                                (no ring)
                                (no ring)

@: about to teleport
A: almost no armour, stealthy swim, amphibious, 8 rings, constrict 8, camouflage
1, gelatinous body 1
a: no special abilities


You were on level 6 of the Dungeon.
You were not hungry.

You visited 1 branch of the dungeon, and saw 6 of its levels.
You also visited: Sewer.

You collected 406 gold pieces.

Inventory:

Hand Weapons
 a - a +3 flail (weapon)
Missiles
 f - 7 javelins of returning (quivered)
Armour
 b - a +0 shield (worn)
Jewellery
 m - a +2 ring of dexterity (left tentacle)
 p - a cursed amulet of inaccuracy (around mantle)
 v - a +3 ring of evasion (right tentacle)
Scrolls
 q - 2 scrolls of teleportation
 t - 2 scrolls of recharging
Potions
 c - 2 potions of might
 e - 3 potions of flight
 h - 2 potions of cancellation
 i - a potion of ambrosia
 j - 2 potions of curing {unknown}
 l - 2 potions of haste
 n - 2 potions of heal wounds {unknown}
 r - a potion of invisibility {unknown}
 u - a potion of berserk rage
Comestibles
 d - 4 bread rations
 g - 4 royal jellies
 k - 2 meat rations
 o - 2 fruits
 s - 2 chunks of flesh


   Skills:
 + Level 6.8 Fighting
 + Level 7.7 Maces & Flails
 + Level 5.0 Dodging
 - Level 4.4 Stealth
 + Level 5.0 Shields


You had 8 spell levels left.
You didn't know any spells.

Dungeon Overview and Level Annotations

Branches:
Dungeon (6/15)
 Temple: D:4-7

Altars:
Ashenzari
Elyvilon
Kikubaaqudgha
Makhleb
Sif Muna
Trog
Uskayaw
Xom
Yredelemnul


Innate Abilities, Weirdness & Mutations

You cannot wear most types of armour.
You are very stealthy in the water. (Stealth+)
You are amphibious.
You can wear up to eight rings at the same time.
You can use your tentacles to constrict eight enemies at once.
Your skin changes colour to match your surroundings (Stealth+).
Your rubbery body absorbs attacks. (AC +1, EV +1)


Message History

You hit the bullfrog.
The bullfrog is heavily wounded.
You constrict the bullfrog.
The orc warrior hits you with a long sword!
The orc barely misses you. The orc completely misses you.
The bullfrog completely misses you.
You are too injured to fight recklessly!
You are too injured to fight recklessly!
You are too injured to fight recklessly!
You are too injured to fight recklessly!
You are too injured to fight recklessly!
You are too injured to fight recklessly!
You are too injured to fight recklessly!
You are too injured to fight recklessly!
As you read the scroll of teleportation, it crumbles to dust.
You feel strangely unstable.
You constrict the bullfrog. The bullfrog hits you.
The orc warrior hits you with a long sword!
* * * LOW HITPOINT WARNING * * *
The orc hits you with a hand axe!
You die...

.....## #........#
#..........###.).))).#
#...........#.....)..#
...............#....##
..............##....#
..............##....#
.............###....##
......Fo.....# ##....###
.......@.....# #.......
#....oo.....###.........
...................####.
..#..........####..# ##
# ##.......### ##..
##.....## #. ###...#
#..## ..


You could see an orc warrior, a bullfrog and 2 orcs.

Vanquished Creatures
  Pikel (D:3)
  A slave (D:3)
  2 orc warriors
  2 black bears (D:6)
  An ogre (D:5)
  2 phantoms
  Blork the orc (D:4)
  A bullfrog (D:6)
  A water moccasin zombie (D:6)
  A scorpion (D:3)
  A crimson imp (D:6)
  A bullfrog zombie (D:6)
  A hound (D:4)
  3 orc priests
  4 orc wizards
  An iron imp (D:4)
  4 worker ants
  2 hound zombies (D:5)
  A hound skeleton (D:5)
  2 worker ant zombies
  6 adders
  A shadow imp (D:5)
  4 oozes (Sewer)
  8 worms
  5 leopard geckos
  15 orcs
  11 bats
  7 giant cockroaches
  2 gnoll zombies (D:2)
  8 goblins
  15 hobgoblins
  11 jackals
  3 ball pythons
  3 frilled lizards
  A jackal skeleton (D:6)
  7 kobolds
  9 rats
149 creatures vanquished.

Vanquished Creatures (others)
  An orc (D:4)
1 creature vanquished.

Grand Total: 150 creatures vanquished

Notes
Turn   | Place    | Note
-------+----------+-------------------------------------------
     0 | D:1      | Ijustatesigmund the Octopode Fighter began the quest for the Orb.
     0 | D:1      | Reached XP level 1. HP: 16/16 MP: 1/1
   280 | D:1      | Reached XP level 2. HP: 8/21 MP: 2/2
  1009 | D:1      | Reached skill level 3 in Maces & Flails
  1126 | D:1      | Reached XP level 3. HP: 26/26 MP: 3/3
  1637 | D:2      | Reached XP level 4. HP: 29/33 MP: 4/4
  1702 | D:2      | Found a basalt altar of Yredelemnul.
  1837 | D:2      | Found a deep blue altar of Sif Muna.
  1905 | D:3      | Found a faded altar of an unknown god.
  1919 | D:3      | Reached skill level 4 in Maces & Flails
  1919 | D:3      | Reached skill level 1 in Stealth
  1919 | D:3      | Reached XP level 5. HP: 32/37 MP: 5/5
  2416 | D:3      | Found an ancient bone altar of Kikubaaqudgha.
  2416 | D:3      | Found a bloodstained altar of Trog.
  2421 | D:3      | Found a shimmering altar of Xom.
  2423 | D:3      | Found a faded altar of an unknown god.
  2425 | D:3      | Found a faded altar of an unknown god.
  2602 | D:3      | Found a white marble altar of Elyvilon.
  2785 | D:4      | Found a hide-covered altar of Uskayaw.
  3141 | D:4      | Found a burning altar of Makhleb.
  3155 | D:4      | Reached XP level 6. HP: 29/44 MP: 6/6
  3161 | D:4      | Reached skill level 5 in Maces & Flails
  3460 | D:4      | Noticed Blork the orc
  3460 | D:4      | Noticed Pikel
  3460 | D:4      | Noticed a slave
  3460 | D:4      | Noticed a slave
  3460 | D:4      | Noticed a slave
  3460 | D:4      | Noticed a slave
  3460 | D:4      | Noticed a phantom
  3474 | D:3      | Killed a slave
  3645 | D:3      | Killed Pikel
  3645 | D:3      | Reached skill level 5 in Fighting
  3645 | D:3      | Reached skill level 6 in Maces & Flails
  3645 | D:3      | Reached XP level 7. HP: 30/50 MP: 7/7
  3776 | D:4      | Killed Blork the orc
  3804 | D:4      | Reached XP level 8. HP: 39/56 MP: 8/8
  4134 | D:5      | Entered Level 5 of the Dungeon
  4667 | D:5      | Found a glowing drain.
  4678 | Sewer    | Entered a sewer
  4989 | Sewer    | Reached skill level 7 in Maces & Flails
  5426 | D:5      | Found a shattered altar of Ashenzari.
  6136 | D:6      | Reached XP level 9. HP: 54/63 MP: 9/9
  6283 | D:6      | Reached skill level 5 in Dodging
  6424 | D:6      | Reached skill level 5 in Shields
  6428 | D:6      | Slain by an orc

Vault maps used:
D:1:      enne_arrival_octagon_isle, minmay_misc_feat_secret_circle,
          grunt_decor_resistance
D:2:      lemuel_zombie_altar_yredelemnul, marbit_many_paths, hex_tiny
D:3:      chequers_temple_overflow_minitemple, first_bread,
          chequers_ecumenical_altar_simple_redux, dk_noncrumbling_4,
          elyvilon_altar_5
D:4:      eat_drink_and_be_merry_uskayaw, makhleb_grotto_becter,
          uniq_blork_the_orc, uniq_pikel
D:5:      old_standard_altar, portal_sewer_entry_a
D:6:      black_bear_nest_1, minmay_misc_feat_more_columns
Sewer:    sewer_fruit_machine

Skill      XL: |  1  2  3  4  5  6  7  8  9 |
---------------+----------------------------+-----
Maces & Flails | 3 4 6 7 |  7.7
Fighting       | 4 5 6 |  6.8
Stealth        | 1 2 4 |  4.4
Dodging        | 4 5 |  5.0
Shields        | 4 5 |  5.0

Action                   |  1- 3 |  4- 6 |  7- 9 || total
-------------------------+-------+-------+-------++-------
Melee: Flail             |    72 |    81 |   219 ||   372
       Constrict         |    20 |    26 |    47 ||    93
       Tentacles         |    10 |    18 |    51 ||    79
  Use: Potion            |     1 |     5 |       ||     6
       Scroll            |     4 |     8 |     6 ||    18
 Stab: Sleeping          |     7 |     9 |    16 ||    32
  Eat: Chunk             |     2 |     6 |     7 ||    15
       Fruit             |       |       |     3 ||     3
Armor: Skin              |     4 |     6 |     6 ||    16
Dodge: Dodged            |    34 |    35 |   142 ||   211
Block: Shield            |    34 |    26 |    98 ||   158

Table legend:
 A = Spawn XP
 B = Non-spawn XP
 C = Spawn XP percentage of total XP
 D = Spawn monster count
 E = Non-spawn monster count
 F = Spawn count percentage of total count
 G = Total turns spent on level
                    A         B        C        D         E        F      G
               +---------+---------+-------+---------+---------+-------+---------
         Total |       0 |    2839 |   0.0 |       0 |     148 |   0.0 |  6428
               +---------+---------+-------+---------+---------+-------+---------
           D:1 |       0 |      36 |   0.0 |       0 |      22 |   0.0 |  1302
           D:2 |       0 |      68 |   0.0 |       0 |      23 |   0.0 |   590
           D:3 |       0 |     728 |   0.0 |       0 |      16 |   0.0 |  1141
           D:4 |       0 |     431 |   0.0 |       0 |      18 |   0.0 |  1101
           D:5 |       0 |     795 |   0.0 |       0 |      29 |   0.0 |  1220
           D:6 |       0 |     692 |   0.0 |       0 |      13 |   0.0 |   421
         Sewer |       0 |      89 |   0.0 |       0 |      27 |   0.0 |   653
               +---------+---------+-------+---------+---------+-------+---------
